AoeStats
← FORE_PoLiCe

Arena

510346968Analyzed
2v2 RM · 2d ago on Sep 30, 2026· 26m 49s· 4 players
Game mode
Random Map
Map size
Medium (4 player)
Population
200
Speed
Normal
Resources
Standard
Victory
Conquest
Starting age
Dark Age
Ending age
Imperial Age
RankedLock teamsTeams togetherTeam positionsShared explorationLock speedFull tech treeHidden civsTurbo modeCheats
Victory
Defeat
🇮🇳 Spanish · India
1220
+13
🇮🇳 Malay · India
1013
+21
🇫🇷 Hindustanis · France
1161
-18
🇫🇷 Vikings · France
1119
-16
FORE_PoLiCe
15:50 Feudal Age
16:07 Double-Bit Axe
20:07 Castle Age
20:58 Husbandry
22:17 Scale Barding Armor
22:25 Forging
26:09 Iron Casting
27:17 Wheelbarrow
26:27 Loom
Fore_Ruthless
10:33 Feudal Age
14:33 Castle Age
12:40 Horse Collar
12:46 Double-Bit Axe
14:25 Gold Mining
15:38 Bow Saw
23:30 Padded Archer Armor
24:35 Leather Archer Armor
26:17 Bloodlines
NavBav
11:09 Feudal Age
15:49 Castle Age
13:39 Double-Bit Axe
17:34 Bow Saw
17:07 Horse Collar
19:34 Loom
21:15 Heavy Plow
22:57 Wheelbarrow
22:08 Town Watch
24:04 Stone Mining
24:04 Gold Mining
lotfitaz
7:34 Loom
9:41 Feudal Age
13:38 Horse Collar
17:40 Castle Age
16:43 Double-Bit Axe
17:34 Fletching
19:38 Bow Saw
19:31 Heavy Plow
19:26 Gold Mining
20:55 Stone Mining
27:41 Imperial Age
26:10 Gold Shaft Mining
Connection lost

Rejoining the realm…

Still unreachable

The connection could not be restored.

Session expired

The server has moved on; the page needs a fresh start.